General information
- name: BNet
- type: Ladder team game (AT/RT)
- host: Battle.net
- saver: GhettoAdventure
map: DragonFalls
- players: 8
- length: 21:16
- speed: Fast
- version: 1.26 W3XP
- replay type: Public
» download(149 KB)
Players
team 1 (loser)
DarK.YenniK (
green | 51 APM | 950 actions | 18:37)
3 Archmage
1 Summon Water Elemental
1 Blizzard
1 Brilliance Aura
4 Blood Mage
2 Flame Strike
2 Siphon Mana
» actions
| Assign group hotkey | 37 | |
| Basic commands | 2 | |
| Build / train | 55 | |
| Enter build submenu | 25 | |
| Enter hero's abilities submenu | 7 | |
| Give item / drop item | 4 | |
| Remove unit from queue | 2 | |
| Right click | 286 | |
| Select / deselect | 229 | |
| Select group hotkey | 248 | |
| Use ability | 55 | |
950 total
» units
| Peasant | 12 | |
| Rifleman | 9 | |
| Mortar Team | 11 | |
32 total
» upgrades
» buildings
| Altar of Kings | 1 | |
| Farm | 11 | |
| Barracks | 2 | |
| Scout Tower | 2 | |
| Lumber Mill | 1 | |
| Guard Tower | 1 | |
| Blacksmith | 1 | |
| Keep | 1 | |
| Arcane Vault | 1 | |
| Workshop | 2 | |
23 total
» build order
00:16 Altar of Kings
00:22 Farm
01:10 Barracks
01:18 Scout Tower
01:25 Scout Tower
01:38 Farm
01:50 Lumber Mill
02:08 Farm
02:38 Guard Tower
03:04 Blacksmith
03:10 Barracks
04:00 Keep
04:10 Farm
04:29 Farm
04:57 Arcane Vault
06:57 Farm
06:59 Workshop
07:02 Workshop
07:07 Farm
07:52 Farm
09:13 Farm
11:30 Farm
11:30 Farm
» items
| Scroll of Regeneration | 3 | |
| Potion of Healing | 1 | |
| Scroll of Town Portal | 1 | |
5 total

»
PlanetPiss (
yellow | 41 APM | 843 actions | 20:48)
3 Demon Hunter
1 Mana Burn
2 Immolation
2 Priestess of the Moon
1 Trueshot Aura
1 Searing Arrows
» actions
| Assign group hotkey | 20 | |
| Basic commands | 80 | |
| Build / train | 86 | |
| ESC pressed | 12 | |
| Enter build submenu | 21 | |
| Enter hero's abilities submenu | 5 | |
| Right click | 111 | |
| Select / deselect | 271 | |
| Select group hotkey | 165 | |
| Use ability | 72 | |
843 total
» units
| Wisp | 44 | |
| Archer | 5 | |
| Huntress | 6 | |
| Hippogryph | 2 | |
| Chimaera | 9 | |
66 total
» upgrades
| Strength of the Wild | 1 | |
| Reinforced Hides | 1 | |
| Corrosive Breath | 1 | |
3 total
» buildings
| Altar of Elders | 2 | |
| Moon Well | 6 | |
| Ancient of War | 1 | |
| Hunter's Hall | 1 | |
| Tree of Ages | 1 | |
| Ancient Protector | 2 | |
| Ancient of Wonders | 1 | |
| Tree of Eternity | 1 | |
| Tree of Life | 2 | |
| Ancient of Wind | 2 | |
| Chimaera Roost | 3 | |
22 total
» build order
00:17 Altar of Elders
00:18 Moon Well
00:20 Altar of Elders
01:07 Ancient of War
02:01 Moon Well
02:23 Hunter's Hall
03:22 Tree of Ages
03:29 Ancient Protector
03:57 Ancient of Wonders
05:02 Ancient Protector
05:59 Tree of Eternity
06:25 Moon Well
07:11 Tree of Life
07:21 Ancient of Wind
08:52 Ancient of Wind
09:08 Moon Well
10:40 Chimaera Roost
10:40 Chimaera Roost
12:47 Moon Well
12:50 Moon Well
12:54 Chimaera Roost
14:01 Tree of Life
» items
| Potion of Healing | 2 | |
| Scroll of Town Portal | 3 | |
| Orb of Lightning | 2 | |
7 total

»
ICBMsoverCyprus (
teal | 50 APM | 1068 actions | 21:15)
3 Far Seer
2 Far Sight
1 Chain Lighting
» actions
| Assign group hotkey | 11 | |
| Basic commands | 92 | |
| Build / train | 55 | |
| ESC pressed | 8 | |
| Enter build submenu | 26 | |
| Enter hero's abilities submenu | 3 | |
| Give item / drop item | 1 | |
| Remove unit from queue | 2 | |
| Right click | 443 | |
| Select / deselect | 307 | |
| Select group hotkey | 27 | |
| Use ability | 93 | |
1068 total
» units
| Peon | 17 | |
| Grunt | 2 | |
| Spirit Walker | 14 | |
| Troll Witch Doctor | 4 | |
37 total
» upgrades
| Spirit Walker Training | 2 | |
| Reinforced Defenses | 1 | |
3 total
» buildings
| Altar of Storms | 1 | |
| Orc Burrow | 7 | |
| Barracks | 1 | |
| War Mill | 2 | |
| Watch Tower | 4 | |
| Stronghold | 1 | |
| Voodoo Lounge | 1 | |
| Fortress | 1 | |
| Spirit Lodge | 3 | |
| Great Hall | 1 | |
22 total
» build order
00:13 Altar of Storms
00:30 Orc Burrow
01:15 Barracks
01:43 Orc Burrow
02:22 War Mill
03:17 Orc Burrow
04:20 Watch Tower
05:12 Stronghold
05:15 Watch Tower
05:52 Watch Tower
06:14 Voodoo Lounge
07:03 Watch Tower
07:34 Fortress
07:38 Spirit Lodge
07:42 Spirit Lodge
08:45 Great Hall
13:53 Orc Burrow
13:56 Orc Burrow
14:05 Orc Burrow
15:06 War Mill
16:09 Orc Burrow
17:43 Spirit Lodge
» items
| Lesser Clarity Potion | 3 | |
| Healing Salve | 1 | |
| Scroll of Town Portal | 2 | |
| Potion of Healing | 1 | |
7 total
chicago77 (
purple | 27 APM | 560 actions | 20:37)
4 Archmage
2 Blizzard
2 Summon Water Elemental
» actions
| Assign group hotkey | 6 | |
| Basic commands | 2 | |
| Build / train | 57 | |
| Enter build submenu | 15 | |
| Enter hero's abilities submenu | 4 | |
| Right click | 221 | |
| Select / deselect | 205 | |
| Select group hotkey | 20 | |
| Use ability | 30 | |
560 total
» units
| Peasant | 14 | |
| Footman | 8 | |
| Rifleman | 11 | |
| Knight | 7 | |
40 total
» upgrades
| Gunpowder | 1 | |
| Lumber Harvesting | 1 | |
| Swords | 3 | |
| Plating | 2 | |
| Animal War Training | 1 | |
8 total
» buildings
| Altar of Kings | 1 | |
| Barracks | 3 | |
| Farm | 7 | |
| Blacksmith | 1 | |
| Town Hall | 1 | |
| Keep | 1 | |
| Lumber Mill | 1 | |
| Arcane Vault | 1 | |
| Castle | 1 | |
17 total
» build order
00:08 Altar of Kings
00:11 Barracks
00:13 Farm
01:06 Farm
02:08 Farm
03:16 Farm
03:36 Barracks
03:56 Blacksmith
05:56 Town Hall
06:19 Farm
06:27 Farm
07:56 Keep
08:04 Lumber Mill
10:03 Farm
11:16 Arcane Vault
13:13 Castle
15:31 Barracks
» items
team 2 (winner)

»
sirmickjagger (
blue | 27 APM | 575 actions | 21:16)
5 Demon Hunter
3 Immolation
2 Evasion
4 Priestess of the Moon
2 Searing Arrows
2 Trueshot Aura
3 Keeper of the Grove
1 Force of Nature
1 Entangling Roots
1 Thorns Aura
» actions
| Assign group hotkey | 13 | |
| Build / train | 80 | |
| Enter build submenu | 20 | |
| Enter hero's abilities submenu | 12 | |
| Give item / drop item | 1 | |
| Right click | 227 | |
| Select / deselect | 149 | |
| Select group hotkey | 25 | |
| Use ability | 48 | |
575 total
» units
| Wisp | 20 | |
| Archer | 9 | |
| Huntress | 1 | |
| Dryad | 3 | |
| Druid of the Claw | 8 | |
| Mountain Giant | 1 | |
42 total
» upgrades
| Improved Bows | 1 | |
| Strength of the Wild | 3 | |
| Reinforced Hides | 3 | |
| Abolish Magic | 1 | |
| Druid of the Claw Training | 2 | |
| Mark of the Claw | 1 | |
| Well Spring | 1 | |
| Nature's Blessing | 1 | |
| Hardened Skin | 1 | |
| Resistant Skin | 1 | |
| Ultravision | 1 | |
| Backpack | 1 | |
| Marksmanship | 1 | |
| Upgrade Moon Glaive | 1 | |
| Sentinel | 1 | |
| Vorpal Blades | 1 | |
21 total
» buildings
| Altar of Elders | 1 | |
| Moon Well | 8 | |
| Ancient of War | 1 | |
| Tree of Ages | 1 | |
| Hunter's Hall | 1 | |
| Tree of Life | 1 | |
| Ancient Protector | 1 | |
| Tree of Eternity | 1 | |
| Ancient of Lore | 3 | |
| Ancient of Wonders | 1 | |
19 total
» build order
00:07 Altar of Elders
00:12 Moon Well
01:10 Ancient of War
01:19 Moon Well
02:22 Moon Well
03:24 Tree of Ages
03:51 Hunter's Hall
04:29 Tree of Life
05:04 Ancient Protector
06:03 Moon Well
07:17 Tree of Eternity
07:21 Ancient of Lore
07:25 Ancient of Lore
07:52 Moon Well
09:29 Moon Well
14:30 Ancient of Wonders
19:40 Moon Well
19:40 Moon Well
19:48 Ancient of Lore

»
geoek31 (
red | 46 APM | 971 actions | 21:16)
5 Mountain King
3 Thunder Clap
2 Bash
2 Paladin
1 Holy Light
1 Devotion Aura
» actions
| Assign group hotkey | 6 | |
| Basic commands | 21 | |
| Build / train | 80 | |
| Enter build submenu | 31 | |
| Enter hero's abilities submenu | 7 | |
| Give item / drop item | 3 | |
| Right click | 409 | |
| Select / deselect | 321 | |
| Select group hotkey | 11 | |
| Use ability | 81 | |
971 total
» units
| Peasant | 7 | |
| Footman | 10 | |
| Goblin Shredder | 1 | |
| Dragonhawk Rider | 4 | |
| Gryphon Rider | 10 | |
32 total
» upgrades
| Defend | 1 | |
| Plating | 1 | |
| Swords | 3 | |
| Armor | 3 | |
| Storm Hammers | 1 | |
| Animal War Training | 1 | |
| Cloud | 1 | |
11 total
» buildings
| Farm | 13 | |
| Altar of Kings | 1 | |
| Barracks | 1 | |
| Scout Tower | 5 | |
| Lumber Mill | 1 | |
| Arcane Tower | 4 | |
| Arcane Vault | 1 | |
| Blacksmith | 1 | |
| Keep | 1 | |
| Gryphon Aviary | 2 | |
| Castle | 1 | |
| Town Hall | 1 | |
| Guard Tower | 5 | |
| Workshop | 1 | |
38 total
» build order
00:20 Farm
00:35 Altar of Kings
00:53 Barracks
01:04 Scout Tower
01:36 Farm
01:56 Lumber Mill
02:16 Farm
02:38 Arcane Tower
02:56 Farm
03:21 Scout Tower
03:38 Arcane Vault
04:40 Arcane Tower
04:45 Blacksmith
05:13 Keep
06:23 Farm
07:16 Farm
08:18 Gryphon Aviary
10:30 Gryphon Aviary
10:31 Castle
11:29 Town Hall
11:31 Scout Tower
14:31 Farm
14:41 Guard Tower
14:43 Arcane Tower
14:48 Farm
15:11 Farm
16:05 Farm
16:07 Scout Tower
16:38 Arcane Tower
16:40 Scout Tower
17:21 Guard Tower
17:23 Guard Tower
17:26 Guard Tower
17:32 Farm
17:34 Guard Tower
18:16 Farm
18:57 Farm
19:43 Workshop
» items
| Circlet of Nobility | 5 | |
| Boots of Speed | 1 | |
| Scroll of Protection | 1 | |
| Scroll of Healing | 1 | |
| Scroll of Town Portal | 1 | |
| Orb of Fire | 1 | |
| Lesser Clarity Potion | 1 | |
| Scroll of Regeneration | 1 | |
| Ivory Tower | 5 | |
17 total
GhettoAdventure (
orange | 68 APM | 1439 actions | 21:16)
4 Pandaren Brewmaster
2 Breath of Fire
2 Drunken Haze
3 Goblin Alchemist
2 Acid Bomb
1 Chemical Rage
2 Mountain King
1 Storm Bolt
1 Bash
» actions
| Assign group hotkey | 29 | |
| Basic commands | 60 | |
| Build / train | 65 | |
| Enter build submenu | 29 | |
| Enter hero's abilities submenu | 10 | |
| Right click | 537 | |
| Select / deselect | 305 | |
| Select group hotkey | 344 | |
| Use ability | 60 | |
1439 total
» units
| Peasant | 8 | |
| Footman | 5 | |
| Mortar Team | 8 | |
| Sorceress | 4 | |
25 total
» upgrades
| Gunpowder | 3 | |
| Magic Sentry | 1 | |
| Masonry | 3 | |
| Sorceress Training | 2 | |
| Flare | 1 | |
| Fragmentation Shards | 1 | |
| Armor | 3 | |
14 total
» buildings
| Altar of Kings | 1 | |
| Barracks | 1 | |
| Farm | 11 | |
| Scout Tower | 4 | |
| Arcane Tower | 1 | |
| Arcane Vault | 1 | |
| Lumber Mill | 2 | |
| Keep | 1 | |
| Guard Tower | 3 | |
| Blacksmith | 1 | |
| Arcane Sanctum | 1 | |
| Workshop | 2 | |
| Castle | 1 | |
30 total
» build order
00:12 Altar of Kings
00:22 Barracks
00:42 Farm
00:50 Scout Tower
02:10 Farm
02:26 Arcane Tower
03:50 Scout Tower
03:54 Arcane Vault
04:06 Farm
04:11 Farm
04:48 Lumber Mill
04:58 Lumber Mill
05:16 Keep
05:23 Guard Tower
06:52 Blacksmith
07:53 Arcane Sanctum
08:21 Workshop
08:37 Castle
08:43 Farm
09:33 Farm
09:35 Farm
09:40 Farm
10:34 Scout Tower
10:38 Scout Tower
11:24 Workshop
12:01 Guard Tower
13:46 Guard Tower
14:29 Farm
14:39 Farm
16:10 Farm
» items
| Scroll of Regeneration | 2 | |
| Boots of Speed | 1 | |
| Potion of Healing | 1 | |
| Staff of Sanctuary | 1 | |
| Orb of Fire | 1 | |
6 total
bakkastabba (
pink | 98 APM | 2037 actions | 20:44)
5 Blademaster
3 Wind Walk
2 Critical Strike
3 Tauren Chieftain
2 Endurance Aura
1 War Stomp
4 Shadow Hunter
2 Healing Wave
2 Hex
» actions
| Assign group hotkey | 102 | |
| Basic commands | 13 | |
| Build / train | 96 | |
| Enter build submenu | 22 | |
| Enter hero's abilities submenu | 12 | |
| Give item / drop item | 4 | |
| Remove unit from queue | 2 | |
| Right click | 904 | |
| Select / deselect | 335 | |
| Select group hotkey | 380 | |
| Use ability | 167 | |
2037 total
» units
| Peon | 17 | |
| Grunt | 2 | |
| Troll Headhunter/Berserker | 12 | |
| Spirit Walker | 1 | |
| Troll Witch Doctor | 5 | |
| Shaman | 5 | |
42 total
» upgrades
| Berserker Upgrade | 1 | |
| Shaman Training | 2 | |
| Witch Doctor Training | 2 | |
5 total
» buildings
| Altar of Storms | 1 | |
| Orc Burrow | 7 | |
| Barracks | 2 | |
| War Mill | 1 | |
| Voodoo Lounge | 1 | |
| Stronghold | 2 | |
| Fortress | 2 | |
| Spirit Lodge | 2 | |
| Great Hall | 1 | |
| Beastiary | 2 | |
| Watch Tower | 1 | |
22 total
» build order
00:21 Altar of Storms
00:36 Orc Burrow
00:53 Barracks
01:08 War Mill
01:45 Orc Burrow
02:19 Barracks
02:42 Voodoo Lounge
03:49 Stronghold
03:49 Stronghold
04:43 Orc Burrow
06:32 Fortress
06:34 Spirit Lodge
07:56 Orc Burrow
08:46 Orc Burrow
10:19 Spirit Lodge
10:40 Orc Burrow
11:57 Great Hall
15:54 Orc Burrow
19:39 Beastiary
19:46 Beastiary
20:38 Watch Tower
» items
| Healing Salve | 6 | |
| Lesser Clarity Potion | 4 | |
| Potion of Mana | 1 | |
| Scroll of Speed | 1 | |
12 total
Chat log
(00:06 / All) GhettoAdventure: Oh boy, Dragon Falls!
(00:08 / All) GhettoAdventure: Woooooh
(00:17 / All) chicago77: stfu
(00:20 / All) ICBMsoverCyprus: MY RESOLUTION IS DIRTY LIKE GREEK WHORE
(00:24 / All) bakkastabba: hey thats not nice
(00:28 / All) GhettoAdventure: Why are you angry this early in the game purple?
(00:30 / All) sirmickjagger: thats dirty
(00:33 / All) DarK.YenniK: i have sex for money
(00:37 / All) GhettoAdventure: You're supposed to wait until AFTER I smash your base.
(00:45 / All) sirmickjagger: blue eats the greek special
(00:56 / All) GhettoAdventure: That's when you're supposed to blame your allies.
(01:00 / All) GhettoAdventure: Or have you ever played 4s rt before?
(01:01 / All) bakkastabba: lol
(01:04 / All) ICBMsoverCyprus: GREEK SPECIAL IS MACEDONIAN CHILDFLESH
(01:27 / All) chicago77: stfu
(01:33 / All) GhettoAdventure: Guess that's a no.
(01:44 / All) GhettoAdventure: Nevermind
(01:50 / All) GhettoAdventure: He's just mad becuase he's 43-53.
(01:53 / All) GhettoAdventure: I understand, purple.
(01:56 / All) GhettoAdventure: I understand you.
(02:16 / Allies) bakkastabba: yaay moneys
(02:21 / Allies) GhettoAdventure: thansk
(02:24 / Allies) geoek31: np
(02:27 / Allies) geoek31: i had extra
(02:34 / Allies) bakkastabba: what a nice guy
(02:46 / Allies) sirmickjagger: yes indeedy
(03:40 / All) ICBMsoverCyprus: YELLOW STOP CHASING HIM LIKE AN ITALIAN STREETURCHIN
(04:05 / All) ICBMsoverCyprus: HOW DO I MAKE MY GRUNTS CHOP WOOD
(04:22 / All) GhettoAdventure: You have to research liquid fire for that to work i think
(04:31 / All) GhettoAdventure: Someone said it was a bug
(04:36 / All) GhettoAdventure: but i think it's part of the game!!!!!!
(04:57 / All) ICBMsoverCyprus: RED HAS A TOWER
(05:09 / All) ICBMsoverCyprus: PINK IS TECHING
(05:28 / All) ICBMsoverCyprus: ORANGE IS UPGRADING A TOWER
(05:30 / All) ICBMsoverCyprus: AND UPGRADING
(05:37 / All) GhettoAdventure: Wow
(05:41 / Allies) bakkastabba: maphack?
(05:41 / All) GhettoAdventure: MAPHACK MUCH OMG TEAL FAGG
(05:41 / All) ICBMsoverCyprus: NICE ANCIENT PROTECTOR BLUE
(05:56 / All) GhettoAdventure: EVEN PINK JUST SAID HE KNOWS YOU HACK
(06:03 / All) chicago77: stfu
(06:05 / All) bakkastabba: its true
(06:06 / All) GhettoAdventure: JUST TO CONFIRM THAT I'M NOT CRAZY
(06:19 / All) GhettoAdventure: I think purple has that string assigned to a macro.
(06:31 / All) GhettoAdventure: Reported for using macros, purple.
(07:19 / All) ICBMsoverCyprus: NIEC SPIRIT LODGE PINK
(07:27 / All) GhettoAdventure: YEop
(07:29 / All) GhettoAdventure: Definitely mh
(07:40 / All) GhettoAdventure: So gay y dont blizz ban hacking russians
(08:26 / Allies) sirmickjagger: ?
(09:17 / All) GhettoAdventure: Wow
(09:23 / All) GhettoAdventure: not my farm
(09:24 / All) GhettoAdventure: fuiikkkkkk
(09:42 / Allies) sirmickjagger: what a moron
(09:54 / Allies) GhettoAdventure: whoaaaaaaaaaaa didn't know you guys were over ther lol
(10:13 / Allies) geoek31: shaman take
(10:18 / Allies) geoek31: robe
(10:20 / Allies) geoek31: for healin
(10:32 / Allies) sirmickjagger: kk
(10:49 / Allies) sirmickjagger: take it if you want it
(10:59 / Allies) geoek31: id like it lol
(11:53 / Allies) sirmickjagger: go
(12:41 / Allies) sirmickjagger: heal me
(12:51 / Allies) GhettoAdventure: who?
(12:55 / Allies) sirmickjagger: blue ke
(13:25 / Allies) sirmickjagger: b
(13:27 / Allies) sirmickjagger: oj
(13:28 / Allies) sirmickjagger: really
(13:30 / Allies) GhettoAdventure: i am
(14:02 / Allies) GhettoAdventure: gold pelase blue
(14:09 / Allies) geoek31: lol
(14:12 / Allies) GhettoAdventure: you have so much
(14:20 / Allies) geoek31: blue make shop plz too
(14:23 / Allies) GhettoAdventure: thanks
(15:15 / Allies) bakkastabba: coming
(15:39 / Allies) GhettoAdventure: you guys go ahead
(15:42 / Allies) GhettoAdventure: i'm already h3re
(15:49 / Allies) bakkastabba: lets go
(16:00 / Allies) geoek31: b
(16:26 / Allies) geoek31: b
(16:30 / Allies) geoek31: to tower
(16:34 / Allies) GhettoAdventure: yellows out
(17:27 / Allies) GhettoAdventure: ok they're
(17:31 / Allies) GhettoAdventure: not at their base anymore
(17:56 / Allies) sirmickjagger: b
(17:56 / Allies) sirmickjagger: bb
(18:01 / Allies) sirmickjagger: b
(18:02 / Allies) sirmickjagger: b
(18:02 / Allies) sirmickjagger: b
(18:02 / Allies) sirmickjagger: b
(18:03 / Allies) sirmickjagger: b
(18:03 / Allies) sirmickjagger: b
(18:03 / Allies) sirmickjagger: b
(18:04 / Allies) sirmickjagger: b
(18:13 / Allies) sirmickjagger: lol, or not
(18:36 / All) GhettoAdventure: See
(18:40 / All) GhettoAdventure: I told you purp had it backwards
(18:41 / All) bakkastabba: gg
(18:43 / Allies) geoek31: blue share the wealth lol
(18:44 / All) PlanetPiss: gg
(18:46 / All) GhettoAdventure: He stopped raging when he was losing
(18:52 / Allies) sirmickjagger: you were totally right
(19:04 / Allies) sirmickjagger: ward
(19:05 / Allies) sirmickjagger: plz
(19:18 / Allies) GhettoAdventure: cghims
(19:41 / All) GhettoAdventure: Lol
(19:48 / All) GhettoAdventure: why would you stop being in corporal
(20:01 / All) ICBMsoverCyprus: ONLY COWARDS DO NOT FIGHT
(20:03 / All) GhettoAdventure: morts tear them up so fast like that
(20:05 / All) GhettoAdventure: Fair enoguh
(20:41 / All) GhettoAdventure: well uh
(20:43 / All) bakkastabba: lol this game is over
(20:43 / All) GhettoAdventure: one more?
(20:44 / All) PlanetPiss: gg
(20:51 / All) ICBMsoverCyprus: also I forgot if you explode them you can't ancestral spirit
(20:54 / All) ICBMsoverCyprus: yeah sure
(20:58 / All) GhettoAdventure: oh really?
(21:03 / All) GhettoAdventure: I never even considered that
(21:12 / All) ICBMsoverCyprus: GOTCHA
(21:12 / All) GhettoAdventure: Makes sens though